 Dungeon Crawl Stone Soup version 0.31.0-11-ge490571c62 (webtiles) character file.

Game seed: 16104584684684575235

2623 Arcadio the Thaumaturge (level 9, -1/45 HPs)
             Began as a Deep Elf Conjurer on Jan 30, 2024.
             Was a Follower of Elyvilon.
             Slain by a troll (13 damage)
             ... on level 7 of the Dungeon.
             The game lasted 00:13:48 (8252 turns).

Arcadio the Thaumaturge (Deep Elf Conjurer)         Turns: 8252, Time: 00:13:49

Health: -1/45      AC:  7    Str:  4    XL:     9   Next: 34%
Magic:  9/26       EV: 15    Int: 28    God:    Elyvilon [*.....]
Gold:   304        SH:  0    Dex: 13    Spells: 19/30 levels left

rFire   . . .        c - +0 dagger
rCold   . . .        (no shield)
rNeg    . . .        a - +0 robe
rPois   .            o - +0 helmet
rElec   .            (no cloak)
rCorr   .            (no gloves)
SInv    .            (no boots)
Will    .....        i - amulet of the acrobat
Stlth   ++           u - +4 ring of protection
HPRegen 0.27/turn    (no ring)
MPRegen 0.20/turn

%: acrobat
@: no status effects
A: no striking features
a: Renounce Religion, Purification


You were on level 7 of the Dungeon.
You worshipped Elyvilon.
Elyvilon was aware of your devotion.
You visited 2 branches of the dungeon, and saw 8 of its levels.
You also visited: Sewer.

You collected 304 gold pieces.

Inventory:

Hand Weapons
 c - a +0 dagger (weapon)
 F - a +2 dire flail
Armour
 a - a +0 robe (worn)
 k - the +5 chain mail "Jing" {rElec rPois rCorr Str-4}
   (You found it on level 2 of the Dungeon)

   Str-4:     It affects your strength (-4).
   rElec:     It insulates you from electricity.
   rPois:     It protects you from poison rCorr: It protects you from acid and
   corrosion.
 o - a +0 helmet (worn)
 G - an orb of mayhem
Jewellery
 i - an amulet of the acrobat (around neck)
 u - a +4 ring of protection (left hand)
Wands
 n - a wand of charming (2)
 y - a wand of flame (4)
 C - a wand of roots (8)
Scrolls
 f - 5 scrolls of identify {unknown}
 g - 4 scrolls of noise {unknown}
 h - 2 scrolls of immolation {unknown}
 j - 3 scrolls of enchant weapon {unknown}
 l - a scroll of blinking {unknown}
 p - a scroll of teleportation {unknown}
 w - a scroll of vulnerability {unknown}
 x - a scroll of brand weapon {unknown}
 A - a scroll of revelation {unknown}
 B - a scroll of poison {unknown}
 D - a scroll of enchant armour {unknown}
Potions
 b - 2 potions of magic
 d - 2 potions of heal wounds {unknown}
 e - 2 potions of curing
 m - 3 potions of invisibility {unknown}
 q - a potion of lignification {unknown}
 r - a potion of resistance {unknown}
 s - 2 potions of cancellation {unknown}
 t - a potion of mutation {unknown}
 v - 2 potions of degeneration {unknown}
 z - a potion of attraction {unknown}
 E - a potion of enlightenment {unknown}


   Skills:
 + Level 7.2 Dodging
 - Level 2.4 Stealth
 + Level 11.0 Spellcasting
 + Level 9.9 Conjurations


You had 19 spell levels left.
You knew the following spells:

 Your Spells              Type           Power      Damage    Failure   Level
a - Magic Dart            Conj           100%       1d8       1%          1
b - Searing Ray           Conj           100%       2d8       1%          2
c - Fulminant Prism       Conj/Alch      21%        3d12      4%          4
d - Iskenderun's Mystic   Conj/Tloc      43%        2d10      4%          4

Your spell library contained the following spells:

 Spells                   Type           Power      Damage    Failure   Level
 Necrotise                Necr           60%        1d7       3%          1
 Blink                    Tloc           30%        N/A       5%          2
 Call Imp                 Summ           30%        N/A       5%          2
 Cigotuvi's Dreadful Rot  Necr/Alch/Air  30%        N/A       5%          2
 Ensorcelled Hibernation  Hex/Ice        30%        N/A       5%          2
 Fugue of the Fallen      Necr           15%        N/A       11%         3
 Vampiric Draining        Necr           15%        2d7       11%         3
 Freezing Cloud           Conj/Ice/Air   16%        6-21      26%         5
 Anguish                  Hex/Necr       7%         N/A       34%         4
 Ignite Poison            Fire/Alch      15%        N/A       34%         4
 Martyr's Knell           Necr/Summ      15%        N/A       34%         4
 Curse of Agony           Necr           15%        N/A       69%         5


Dungeon Overview and Level Annotations

Branches:
Dungeon (7/15)             Temple (1/1) D:5           Sewer (visited)

Altars:
Ashenzari
Cheibriados
Elyvilon
Fedhas
Gozag
Hepliaklqana
Nemelex Xobeh
Trog
Uskayaw
Wu Jian
Xom
Yredelemnul
Zin
The Shining One

Shops:
D:4 =

Annotations:
D:7 2 runed translucent doors, Maurice


Message History

The troll completely misses you. x2
The searing ray misses the troll.
The searing ray hits the orc warrior.
The orc warrior is lightly wounded.
The troll bites you! The troll misses you. x2
The searing ray hits the troll.
The troll is lightly wounded.
The searing ray hits the orc warrior but does no damage.
The orc warrior is lightly wounded.
You finish channelling your searing ray.
The troll misses you. The troll completely misses you.
The troll barely misses you. The troll attacks as it pursues you!
The troll bites you! The troll completely misses you. x2
Casting: Searing Ray (safe; 1% risk of failure)
Confirm with . or Enter, or press ? or * to list all spells.
Aiming: Searing Ray (safe; 1% risk of failure)
Press: ? - help, Shift-Dir - straight line, f/p - troll
Aim: a troll (lightly wounded, 83% to hit)
The searing ray hits the troll.
The troll is moderately wounded.
The searing ray hits the orc warrior.
The orc warrior is lightly wounded. (Press . to maintain the ray.)
The troll misses you. The troll claws you but does no damage.
The troll closely misses you.
The searing ray hits the troll!
The troll is moderately wounded.
The searing ray hits the orc warrior.
The orc warrior is moderately wounded.
The troll completely misses you. The troll closely misses you. x2
The searing ray hits the troll.
The troll is heavily wounded.
The searing ray hits the orc warrior but does no damage.
The orc warrior is moderately wounded.
The troll completely misses you. The troll closely misses you.
The troll claws you!
* * * LOW HITPOINT WARNING * * *
Okay, then.
It was a potion of curing.
You feel better. The troll bites you!
You die...

#######
#......
########
#......
#..oT@.#
#......
#.####.#
#...... #.
#.# #......
.# #.#
#...... ##
#.#
#######......
#.#
#.....#......
#.#
#.....#......
#.#
#.....#######
#.###.....#


You could see a troll and an orc warrior.

Vanquished Creatures
  A two-headed ogre (D:6)
  2 sky beasts
  A black bear (D:7)
  3 ogres
  2 centaurs
  A phantom (D:6)
  3 kobold brigands (Sewer)
  4 bullfrogs
  3 scorpions
  4 wights (D:7)
  3 howler monkeys (D:7)
  A jelly (D:7)
  A sleepcap (D:6)
  2 orc wizards (D:7)
  Robin (D:2)
  4 gnolls
  A river rat (D:4)
  6 adders
  A white imp (D:6)
  2 ufetubi (D:4)
  3 dart slugs
  2 ribbon worms
  11 orcs
  13 ball pythons
  10 endoplasms
  2 giant cockroaches
  7 goblins
  7 hobgoblins
  8 jackals
  18 kobolds
  4 quokkas
  7 bats
  5 frilled lizards
  13 rats
156 creatures vanquished.

Vanquished Creatures (others)
  A fulminant prism (D:5)
1 creature vanquished.

Grand Total: 157 creatures vanquished

Notes
Turn   | Place    | Note
-------+----------+-------------------------------------------
     0 | D:1      | Arcadio the Deep Elf Conjurer began the quest for the Orb.
     0 | D:1      | Reached XP level 1. HP: 10/10 MP: 6/6
     2 | D:1      | Noticed a tengu
     2 | D:1      | Noticed an octopode
     4 | D:1      | Noticed a demonspawn
     6 | D:1      | Noticed an elf
     6 | D:1      | Noticed a vine stalker
     8 | D:1      | Noticed a formicid
     8 | D:1      | Noticed a gargoyle
    10 | D:1      | Noticed a human
    10 | D:1      | Noticed a demigod
    12 | D:1      | Noticed an oni
    14 | D:1      | Noticed a felid
    14 | D:1      | Noticed a draconian
    16 | D:1      | Noticed a minotaur
    18 | D:1      | Noticed a spriggan
    20 | D:1      | Noticed a djinni
    20 | D:1      | Noticed a merfolk
    22 | D:1      | Noticed a troll
    22 | D:1      | Noticed a vampire
    24 | D:1      | Noticed a ghoul
    24 | D:1      | Noticed an armataur
    26 | D:1      | Noticed a barachi
    26 | D:1      | Noticed a naga
   256 | D:1      | Reached XP level 2. HP: 15/15 MP: 1/8
   259 | D:1      | Learned a level 2 spell: Searing Ray
   672 | D:1      | Reached skill level 4 in Spellcasting
   836 | D:1      | Reached skill level 5 in Conjurations
   837 | D:1      | Reached XP level 3. HP: 19/19 MP: 3/10
  1410 | D:2      | Noticed Robin
  1419 | D:2      | Killed Robin
  1422 | D:2      | Reached XP level 4. HP: 24/24 MP: 1/12
  1726 | D:2      | Learned a level 4 spell: Fulminant Prism
  2350 | D:2      | Identified the +5 chain mail "Jing" {rElec rPois rCorr
                  | Str-4}
  2702 | D:3      | Reached skill level 5 in Spellcasting
  2987 | D:3      | Learned a level 4 spell: Iskenderun's Mystic Blast
  3558 | D:4      | Reached XP level 5. HP: 28/28 MP: 8/14
  3599 | D:4      | Found a glowing drain.
  3608 | D:4      | Reached skill level 6 in Spellcasting
  3633 | Sewer    | Entered a sewer
  3920 | Sewer    | Reached XP level 6. HP: 25/32 MP: 7/17
  4235 | Sewer    | Reached skill level 7 in Spellcasting
  4946 | D:4      | Found Meesh's Jewellery Emporium.
  5046 | D:5      | Entered Level 5 of the Dungeon
  5073 | D:5      | Reached XP level 7. HP: 31/36 MP: 15/20
  5887 | D:5      | Reached skill level 8 in Spellcasting
  6195 | D:5      | Found a staircase to the Ecumenical Temple.
  6208 | Temple   | Entered the Ecumenical Temple
  6260 | Temple   | Became a worshipper of Elyvilon the Healer
  6605 | D:6      | Noticed a two-headed ogre
  6660 | D:6      | Killed a two-headed ogre
  6661 | D:6      | Reached skill level 5 in Dodging
  6661 | D:6      | Reached skill level 9 in Spellcasting
  6661 | D:6      | Reached XP level 8. HP: 12/41 MP: 12/23
  7093 | D:6      | Reached skill level 10 in Spellcasting
  7217 | D:6      | Found a broken altar of Ashenzari.
  7381 | D:7      | Noticed Maurice
  7385 | D:7      | Maurice stole an amulet of faith
  7496 | D:7      | Reached XP level 9. HP: 29/45 MP: 15/25
  7759 | D:7      | Found a large runed translucent door.
  7759 | D:7      | Found a large runed translucent door.
  7759 | D:7      | Reached * piety under Elyvilon
  8241 | D:7      | Noticed a troll
  8242 | D:7      | Reached skill level 11 in Spellcasting
  8252 | D:7      | Slain by a troll

Illustrated notes

Levels and vault maps discovered:
D:1:      kb_arrival_jail, layout_loops_ring, grunt_decor_junction,
          minmay_misc_feat_pillars
D:2:      layout_basic, uniq_robin
D:3:      layout_loops_cross
D:4:      layout_cave_pools, serial_shops, shop_statue, portal_sewer_entry_b,
          serial_column_ruins, column_ruins_columns_straight,
          column_ruins_corridor_corner, column_ruins_open_small,
          column_ruins_grid_1, corexii_leaking_fountain, minmay_misc_feat_roman
D:5:      layout_loops_cross, temple_hall
D:6:      layout_basic, old_standard_altar
D:7:      layout_rooms, mainiacjoe_overflow_catwalk,
          ebering_ghost_disaster_area, wad_rectangle_vault, uniq_maurice
Temple:   nicolae_temple_figure_eight

Skill      XL: |  1  2  3  4  5  6  7  8  9 |
---------------+----------------------------+-----
Spellcasting   | 4 5 6 7 9 10 11 | 11.0
Conjurations   | 5 6 7 8 9 |  9.9
Dodging        | 5 6 7 |  7.2
Stealth        | |  2.4

Action                     |  1- 3 |  4- 6 |  7- 9 || total
---------------------------+-------+-------+-------++-------
  Melee: Dagger            |     5 |     5 |     2 ||    12
   Cast: Magic Dart        |    42 |    91 |    10 ||   143
         Searing Ray       |     6 |    27 |    51 ||    84
         Fulminant Prism   |       |       |     1 ||     1
  Evoke: Wand              |       |       |     1 ||     1
    Use: Potion            |       |       |     1 ||     1
 Armour: Robe              |    16 |    10 |    32 ||    58
  Dodge: Dodged            |    34 |    22 |    94 ||   150
